 Dungeon Crawl Stone Soup version 0.30.0-29-ga12c61a403 (webtiles) character file.

Game seed: 9021212938841612784

99245 Peloso the Fencer (level 15, -4/116 HPs)
             Began as a Minotaur Fighter on June 13, 2023.
             Was a High Priest of Okawaru.
             Slain by a tentacled starspawn (12 damage)
             ... on level 2 of the Abyss.
             The game lasted 01:01:06 (22802 turns).

Peloso the Fencer (Minotaur Fighter)               Turns: 22802, Time: 01:01:08

Health: -4/116     AC: 25    Str: 25      XL:     15   Next: 77%
Magic:  16/16      EV: 10    Int: 17      God:    Okawaru [*****.]
Gold:   2316       SH: 14    Dex: 14 (15) Spells: 14/14 levels left

rFire   + . .        a - +10 long sword of Spores {freeze, Int+3}
rCold   + . .        c - +0 kite shield
rNeg    . . .        S - +2 plate armour {Will+}
rPois   +            V - +0 hat {Int+3}
rElec   +            N - scarf {rC+ rF+}
rCorr   +            Y - +1 pair of gloves of Honour {rPois Str+2 Int+3 Stlth-}
SInv    +            y - +2 pair of boots "Idadai Vaso" {rElec Regen+}
Will    ++...        (no amulet) Stlth
                     M - ring of Qotuph {*Slow rCorr Int+3 Dex+2 SInv}
HPRegen 1.19/turn    L - +6 ring of dexterity
MPRegen 0.15/turn

%: slow self (1%)
@: unable to read
A: horns 2, retaliatory headbutt, [clumsy 2], [deterioration 2], [frail 2],
([teleportitis 2]), [weak 2], [no potion heal 2], [inability to read after
injury 2]
a: Renounce Religion, Heroism, Finesse, Duel


You were on level 2 of the Abyss.
You worshipped Okawaru.
Okawaru was extremely pleased with you.
You visited 4 branches of the dungeon, and saw 22 of its levels.
You visited the Abyss 1 time.
You also visited: Ice Cave.

You collected 3720 gold pieces.
You spent 1404 gold pieces at shops.

Inventory:

Hand Weapons
 a - the +10 long sword of Spores (weapon) {freeze, Int+3}
   (Okawaru gifted it to you on level 4 of the Lair of Beasts)

   Int:       It affects your intelligence (+3).
 b - a +4 scimitar of flaming
Missiles
 x - 3 throwing nets (quivered)
Armour
 c - a +0 kite shield (worn)
 o - a +2 plate armour of poison resistance
 y - the +2 pair of boots "Idadai Vaso" (worn) {rElec Regen+}
   (You acquired it in an ice cave)

   rElec:     It insulates you from electricity.
   Regen:     It increases your rate of health regeneration.
 N - a scarf of resistance (worn)
 S - a +2 plate armour of willpower (worn)
 V - a +0 hat of intelligence (worn)
 Y - the +1 pair of gloves of Honour (worn) {rPois Str+2 Int+3 Stlth-}
   (You found it on level 5 of the Lair of Beasts)

   Str:       It affects your strength (+2).
   Int:       It affects your intelligence (+3).
   rPois:     It protects you from poison.
   Stlth:     It makes you less stealthy.
Jewellery
 g - a ring of ice
 k - a ring of protection from fire
 v - a ring of see invisible
 B - a ring of resist corrosion
 K - a ring of magical power
 L - a +6 ring of dexterity (right hand)
 M - the ring of Qotuph (left hand) {*Slow rCorr Int+3 Dex+2 SInv}
   (You acquired it on level 5 of the Dungeon)

   [ring of resist corrosion]

   Int:       It affects your intelligence (+3).
   Dex:       It affects your dexterity (+2).
   SInv:      It lets you see invisible.
   rCorr:     It protects you from acid and corrosion.
   *Slow:     It may slow you when you take damage.
 O - the ring of Bemyfich {Ice rElec Str+3 Int-3}
   (You found it in an ice cave)

   [ring of ice]

   It enhances your ice magic.
   Str:       It affects your strength (+3).
   Int:       It affects your intelligence (-3).
   rF:        It makes you vulnerable to fire.
   rC:        It protects you from cold.
   rElec:     It insulates you from electricity.
 P - a +6 ring of dexterity
 Q - a ring of protection from fire
 R - an amulet of magic regeneration
 X - a +6 ring of strength
 Z - a +6 ring of intelligence
Wands
 f - a wand of mindburst (37)
 p - a wand of digging (13)
 w - a wand of flame (40)
 G - a wand of roots (8)
 I - a wand of paralysis (8)
 U - a wand of polymorph (9)
Scrolls
 h - 2 scrolls of immolation
 i - 7 scrolls of teleportation
 m - 6 scrolls of fog
 n - 10 scrolls of fear
 r - 3 scrolls of blinking
 u - 3 scrolls of amnesia
 C - 2 scrolls of enchant armour
 D - a scroll of brand weapon
 E - a scroll of silence
 H - 2 scrolls of magic mapping
 J - 2 scrolls of poison
 W - 7 scrolls of identify
Potions
 d - 3 potions of might
 e - 3 potions of haste
 j - a potion of heal wounds
 l - 6 potions of mutation
 q - 18 potions of curing
 s - a potion of invisibility
 t - 2 potions of resistance
 z - 2 potions of ambrosia
 A - 3 potions of brilliance
 T - a potion of magic
Miscellaneous
 F - a box of beasts


   Skills:
 + Level 16.5 Fighting
 + Level 18.0 Long Blades
 + Level 16.0 Armour
 + Level 6.7 Dodging
 + Level 2.5 Stealth
 + Level 16.2 Shields
 + Level 3.9 Invocations
 + Level 1.2 Evocations


You had 14 spell levels left.
You didn't know any spells.
Your spell library contained the following spells:

 Spells                   Type           Power      Damage    Failure   Level
 Apportation              Tloc           0%         N/A       92%         1
 Foxfire                  Conj/Fire      0%         2x1d4     92%         1
 Freeze                   Ice            0%         1d3       92%         1
 Necrotise                Necr           0%         1d4       92%         1
 Slow                     Hex            0%         N/A       92%         1
 Sublimation of Blood     Necr           0%         N/A       98%         2
 Confusing Touch          Hex            0%         N/A       100%        3
 Dazzling Flash           Conj/Hex       0%         N/A       100%        3
 Frozen Ramparts          Ice            0%         1d1       100%        3
 Hailstorm                Conj/Ice       0%         3d3       100%        3
 Inner Flame              Hex/Fire       0%         N/A       100%        3
 Portal Projectile        Hex/Tloc       0%         N/A       100%        3
 Vampiric Draining        Necr           0%         2d6       100%        3
 Flame Wave               Conj/Fire      0%         2d4       100%        4
 Leda's Liquefaction      Hex/Erth       0%         N/A       100%        4
 Petrify                  Tmut/Erth      0%         N/A       100%        4
 Sticky Flame             Conj/Fire      0%         2d3       100%        4
 Agony                    Necr           0%         N/A       100%        5
 Alistair's Intoxication  Tmut/Pois      0%         N/A       100%        5
 Borgnjor's Vile Clutch   Necr/Erth      0%         N/A       100%        5
 Fireball                 Conj/Fire      0%         3d3       100%        5
 Irradiate                Conj/Tmut      0%         3d11      100%        5
 Silence                  Hex/Air        0%         N/A       100%        5
 Eringya's Noxious Bog    Tmut/Pois      0%         N/A       100%        6
 Plasma Beam              Fire/Air       0%         2x1d11    100%        6
 Starburst                Conj/Fire      0%         6d3       100%        6
 Orb of Destruction       Conj           0%         9d5       100%        7
 Summon Small Mammal      Summ           Unusable   N/A       N/A         1
 Call Canine Familiar     Summ           Unusable   N/A       N/A         3
 Summon Guardian Golem    Hex/Summ       Unusable   N/A       N/A         3
 Summon Forest            Summ/Tloc      Unusable   N/A       N/A         5
 Spellforged Servitor     Conj/Summ      Unusable   N/A       N/A         7
 Summon Hydra             Summ           Unusable   N/A       N/A         7

Dungeon Overview and Level Annotations

Branches:
Dungeon (14/15)            Temple (1/1) D:5            Lair (5/5) D:11
  Swamp (0/4) Lair:2        Snake (0/4) Lair:2        Slime (0/5) Lair:5
    Orc (2/2) D:12            Elf (0/3) Orc:2        Vaults (0/5) D:13
  IceCv (visited)

Altars:
Ashenzari
Cheibriados
Dithmenos
Elyvilon
Fedhas
Gozag
Hepliaklqana
Kikubaaqudgha
Makhleb
Nemelex Xobeh
Okawaru
Qazlal
Ru
Trog
Uskayaw
Vehumet
Wu Jian
Xom
Zin
The Shining One

Shops:
D:4 ?   D:5 **   D:6 =([![   D:8 *   D:13 !*   Orc:2 :[(?(

Portals:
Trove: D:10 (give 16 potions of curing)

Annotations:
D:14 Louise


Innate Abilities, Weirdness & Mutations

You have a pair of horns on your head.
You reflexively headbutt those who attack you in melee.
[You are very clumsy. (Dex -4)]
[Your body often deteriorates upon taking damage.]
[You are very frail. (-20% HP)]
[((You are often teleported next to monsters.))]
[You are very weak. (Str -4)]
[Potions cannot restore your health.]
[You sometimes lose the ability to read scrolls when taking damage.]


Message History

The tentacle pulls you backwards!
A starspawn tentacle segment comes into view. x2
You hit the starspawn tentacle but do no damage.
You headbutt the starspawn tentacle.
The starspawn tentacle is heavily damaged.
You block the starspawn tentacle's attack. x2
The smoke demon hits you but does no damage. x3
A starspawn tentacle segment comes into view.
You slash the tentacled starspawn! You freeze the tentacled starspawn.
The tentacled starspawn is moderately damaged.
The starspawn tentacle grabs you. The starspawn tentacle constricts you.
* * * LOW HITPOINT WARNING * * *
Unknown command.
You slash the starspawn tentacle! You freeze the starspawn tentacle.
You destroy the starspawn tentacle!
The smoke demon gestures at you. Something smites you!
* * * LOW HITPOINT WARNING * * *
Unknown command.
The smoke demon attacks as you move away!
The smoke demon hits you but does no damage.
You block the smoke demon's attack.
The smoke demon hits you but does no damage.
You block the starspawn tentacle's attack.
A tentacle flies out from the starspawn's body!
A starspawn tentacle comes into view.
You slice the starspawn tentacle!! You freeze the starspawn tentacle.
You destroy the starspawn tentacle!
The starspawn tentacle grabs you. The starspawn tentacle constricts you.
You block the smoke demon's attack.
The smoke demon hits you but does no damage. x2
The starspawn tentacle loses its grip on you.
The tentacle pulls you backwards!
You slash the tentacled starspawn! You freeze the tentacled starspawn.
The tentacled starspawn is almost destroyed.
You block the starspawn tentacle's attack.
You block the smoke demon's attack.
The smoke demon hits you but does no damage.
The smoke demon closely misses you. The tentacled starspawn bites you!
You die...

.. # .## ..# .# .##.
...## ##. ###.##.#.# .
#.## .##...##...#....#
.. .......... .........
. .. #......##......# .
. .. ##
.....##.w....##. . ..
...........@X.........
..
.............3.........
. ... ........∩.......
. ..
......................
. ..............§......
. . ...........X.......
.. .. #
.....##....§.##... .. .
......##......# . . . .
...............


You could see a tentacled starspawn, a large abomination, a smoke demon and a
starspawn tentacle.

Vanquished Creatures
  A bone dragon (Abyss:2)
  An acid blob (Lair:5)
  Gastronok (Lair:3)
  A tentacled starspawn (Abyss:2)
  An azure jelly (IceCv)
  An ironbound preserver (D:13)
  An angel (Abyss:2)
  3 quicksilver oozes (IceCv)
  Azrael (D:13)
  The ghost of raetorn the Scorcher, a journeyman DEHW of Sif Muna (Orc:1)
  A lorocyproca (Abyss:2)
  A fire dragon (Lair:5)
  An entropy weaver (shapeshifter) (D:13)
  Josephine (Orc:1)
  A catoblepas (Lair:4)
  7 hydras
  A centaur warrior (D:14)
  4 boulder beetles (D:13)
  An anaconda (Lair:5)
  9 two-headed ogres
  5 orc high priests (Orc:2)
  Sonja (D:13)
  3 skeletal warriors (D:13)
  3 wretched stars (Abyss:2)
  7 orc knights (Orc:2)
  An orange crystal statue (D:13)
  A lindwurm (Lair:5)
  2 orc sorcerers
  A manticore (D:12)
  A cyclops (D:13)
  5 ugly things
  An ice statue (IceCv)
  A smoke demon (Abyss:2)
  6 elephants (Lair:3)
  4 black mambas
  6 torpor snails (Lair:5)
  2 gargoyles
  11 cane toads
  2 kobold demonologists (D:12)
  5 rime drakes
  2 unseen horrors
  An efreet (D:13)
  6 komodo dragons
  4 tyrant leeches (Lair:5)
  12 polar bears
  6 trolls
  31 blink frogs
  7 hornets (Lair:5)
  Grinder (D:5)
  A hellwing (Abyss:2)
  9 raiju
  4 dream sheep
  31 yaks
  2 shadows
  3 large abominations (Abyss:2)
  8 wyverns
  7 wraiths
  Eustachio (D:6)
  6 basilisks
  22 slime creatures
  A fire elemental (D:13)
  3 steam dragons
  4 vampire mosquitoes (D:13)
  Menkaure (D:4)
  8 wargs
  3 nagas (Lair:2)
  2 acid dragons
  13 hell hounds
  11 water moccasins
  2 ice beasts
  32 orc warriors
  A swamp drake (Lair:2)
  5 great orb of eyes simulacra (IceCv)
  3 sky beasts
  15 black bears
  6 ogres
  16 wolves (Lair:5)
  5 centaurs
  2 phantoms
  A small abomination (Abyss:2)
  3 slime creature simulacra (IceCv)
  A kobold brigand (D:9)
  14 bullfrogs
  4 glowing shapeshifter simulacra (IceCv)
  2 gnoll sergeants
  A scorpion (D:6)
  2 cane toad simulacra (Lair:1)
  3 wights (D:8)
  9 killer bees (D:10)
  An electric eel (Lair:1)
  6 howler monkeys
  4 crimson imps (D:6)
  4 hounds
  A quasit (Abyss:2)
  2 gnoll boudas (D:9)
  6 starcursed masses (Abyss:2)
  20 orc priests
  An iron imp (Abyss:2)
  Terence (D:2)
  3 iguanas
  17 orc wizards
  5 hell rats (Lair:5)
  3 shapeshifter simulacra (IceCv)
  A mummy (D:6)
  16 gnolls
  8 adders
  2 shadow imps (D:7)
  An ufetubus (D:5)
  2 worms
  2 dart slugs
  68 orcs
  5 bats
  8 endoplasms
  A giant cockroach (D:2)
  7 goblins
  6 hobgoblins
  5 jackals
  14 kobolds
  3 quokkas
  8 ball pythons
  4 frilled lizards
  7 rats
  2 starspawn tentacles (Abyss:2)
688 creatures vanquished.

Vanquished Creatures (others)
  A boulder beetle (D:13)
  An orc wizard (D:9)
  An orc (Orc:1)
  3 starspawn tentacles (Abyss:2)
6 creatures vanquished.

Grand Total: 694 creatures vanquished

Notes
Turn   | Place    | Note
-------+----------+-------------------------------------------
     0 | D:1      | Peloso the Minotaur Fighter began the quest for the Orb.
     0 | D:1      | Reached XP level 1. HP: 19/19 MP: 0/0
    65 | D:1      | Reached XP level 2. HP: 22/27 MP: 1/1
   792 | D:2      | Reached XP level 3. HP: 28/33 MP: 2/2
   818 | D:2      | Reached skill level 3 in Long Blades
   991 | D:2      | Noticed Terence
  1005 | D:2      | Killed Terence
  1006 | D:2      | Reached XP level 4. HP: 27/40 MP: 3/3
  1109 | D:2      | Found an ancient bone altar of Kikubaaqudgha.
  1340 | D:2      | Reached skill level 4 in Long Blades
  1702 | D:3      | Found a glowing silver altar of Zin.
  1726 | D:3      | Found an opulent altar of Gozag.
  1966 | D:3      | Reached XP level 5. HP: 21/47 MP: 4/4
  2261 | D:3      | Found a burning altar of Makhleb.
  2261 | D:3      | Noticed a cacodemon
  2265 | D:3      | Noticed a smoke demon
  2265 | D:3      | Noticed a ynoxinul
  2479 | D:4      | Noticed a water moccasin
  2498 | D:4      | Killed a water moccasin
  2499 | D:4      | Reached skill level 5 in Long Blades
  2499 | D:4      | Reached skill level 5 in Armour
  2499 | D:4      | Reached skill level 1 in Dodging
  2499 | D:4      | Reached XP level 6. HP: 18/53 MP: 5/5
  2648 | D:4      | Noticed Menkaure
  2657 | D:4      | Killed Menkaure
  2813 | D:4      | Reached skill level 5 in Fighting
  2851 | D:4      | Reached skill level 6 in Long Blades
  3011 | D:4      | Found The Oracle's Delphic Readings.
  3074 | D:4      | Reached XP level 7. HP: 61/61 MP: 6/6
  3078 | D:4      | Found a broken altar of Ashenzari.
  3251 | D:5      | Entered Level 5 of the Dungeon
  3287 | D:5      | Found a staircase to the Ecumenical Temple.
  3302 | Temple   | Entered the Ecumenical Temple
  3309 | Temple   | Became a worshipper of Warmaster Okawaru
  3366 | D:5      | Reached skill level 7 in Long Blades
  3544 | D:5      | Found Vaire's Specific Store.
  3549 | D:5      | Found Locityem's General Store.
  3607 | D:5      | Noticed Grinder
  3628 | D:5      | Paralysed by Grinder for 5 turns
  3646 | D:5      | Killed Grinder
  3646 | D:5      | Reached * piety under Okawaru
  3647 | D:5      | Reached XP level 8. HP: 58/70 MP: 7/7
  3735 | D:5      | Identified the +11 dagger "Orb Guardian's Foe" {heavy,
                  | Fragile rPois rN++ Str+4}
  4036 | D:6      | Reached skill level 8 in Long Blades
  4096 | D:6      | Reached skill level 5 in Shields
  4140 | D:6      | Found Caha Sud's Armour Emporium.
  4150 | D:6      | Found Voefuss's Armour Shoppe.
  4168 | D:6      | Noticed Eustachio
  4178 | D:6      | Killed Eustachio
  4178 | D:6      | Reached ** piety under Okawaru
  4198 | D:6      | Found a shimmering altar of Xom.
  4213 | D:6      | Reached skill level 1 in Stealth
  4223 | D:6      | Reached skill level 9 in Long Blades
  4438 | D:6      | Reached XP level 9. HP: 78/78 MP: 8/8
  4482 | D:6      | Found Enaoshroo's Distillery.
  4599 | D:6      | Found a radiant altar of Vehumet.
  4738 | D:6      | Found Biapuh Boce's Antique Weapon Shop.
  4921 | D:6      | Found a snail-covered altar of Cheibriados.
  5167 | D:6      | Found Ubeagued's Jewellery Shoppe.
  5550 | D:7      | Reached skill level 10 in Long Blades
  5922 | D:7      | Identified a scroll of acquirement
  5950 | D:8      | Found Ea-nāṣir's Fine Metal Goods.
  6426 | D:8      | Reached *** piety under Okawaru
  6427 | D:8      | Reached skill level 11 in Long Blades
  6699 | D:9      | Reached XP level 10. HP: 76/88 MP: 9/9
  7055 | D:9      | Reached skill level 12 in Long Blades
  7055 | D:9      | Reached skill level 1 in Invocations
  7085 | D:9      | Reached **** piety under Okawaru
  7468 | D:9      | Found a hide-covered altar of Uskayaw.
  7633 | D:9      | You fall into a shaft and drop 1 floor!
  7633 | D:10     | Entered Level 10 of the Dungeon
  7878 | D:9      | Acquired 975 gold pieces
  7986 | D:4      | Bought a scroll of acquirement for 624 gold pieces
  8045 | D:5      | Bought a scroll of acquirement for 624 gold pieces
  8326 | D:10     | Noticed a two-headed ogre
  8335 | D:10     | Killed a two-headed ogre
  8474 | D:10     | Found a portal to a secret trove of treasure.
  8606 | D:6      | Bought a potion of curing for 33 gold pieces
  8606 | D:6      | Bought a potion of curing for 33 gold pieces
  8772 | D:10     | Noticed a two-headed ogre
  8774 | D:10     | Reached skill level 13 in Long Blades
  8788 | D:10     | Killed a two-headed ogre
  8795 | D:10     | Reached skill level 10 in Armour
  8910 | D:10     | Reached XP level 11. HP: 94/97 MP: 10/10
  9202 | D:10     | Reached ***** piety under Okawaru
  9262 | D:10     | Found a blossoming altar of Fedhas.
  9269 | D:10     | Found a stormy altar of Qazlal.
  9315 | D:10     | Identified the +2 ring mail of Dim Light {Str+3}
  9566 | D:11     | Noticed a brown ugly thing
  9578 | D:11     | Killed a brown ugly thing
 10004 | D:11     | Found Zin's Purification Station.
 10010 | D:11     | Found a glowing silver altar of Zin.
 10016 | D:11     | Bought a potion of curing for 90 gold pieces
 10048 | D:11     | Found a staircase to the Lair.
 10276 | D:11     | Noticed a two-headed ogre
 10282 | D:11     | Killed a two-headed ogre
 10283 | D:11     | Reached skill level 14 in Long Blades
 10482 | Lair:1   | Entered Level 1 of the Lair of Beasts
 10779 | Lair:1   | Found a frozen archway.
 10806 | IceCv    | Entered an ice cave
 11012 | IceCv    | Acquired the ring of Qotuph {*Slow rCorr Int+3 Dex+2 SInv}
 11016 | IceCv    | Acquired the +2 pair of boots "Idadai Vaso" {rElec Regen+}
 11183 | IceCv    | Noticed a quicksilver ooze
 11190 | IceCv    | Killed a quicksilver ooze
 11370 | IceCv    | Reached skill level 10 in Fighting
 11566 | IceCv    | Reached skill level 5 in Dodging
 11583 | IceCv    | Noticed a quicksilver ooze
 11595 | IceCv    | Killed a quicksilver ooze
 11596 | IceCv    | Reached skill level 15 in Long Blades
 11596 | IceCv    | Reached XP level 12. HP: 34/108 MP: 12/12
 11759 | IceCv    | Found a viscous altar of Jiyva.
 11759 | IceCv    | Noticed an azure jelly
 11775 | IceCv    | Killed an azure jelly
 11814 | IceCv    | Noticed a quicksilver ooze
 11829 | IceCv    | Killed a quicksilver ooze
 11937 | IceCv    | Got the ring of Bemyfich {Ice rElec Str+3 Int-3}
 12765 | Lair:2   | Found a staircase to the Swamp.
 13073 | Lair:2   | Found a staircase to the Snake Pit.
 13175 | Lair:2   | Identified the +1 scale mail of Fif Efas {Str+5 Int-2
                  | Stlth+} (Okawaru gifted it to you on level 2 of the Lair of
                  | Beasts)
 13175 | Lair:2   | Received a gift from Okawaru
 13598 | Lair:2   | Reached skill level 1 in Evocations
 13847 | D:12     | Reached skill level 10 in Shields
 13936 | D:12     | Found a staircase to the Orcish Mines.
 14239 | D:12     | Reached XP level 13. HP: 119/119 MP: 14/14
 14397 | D:12     | Found a hazy altar of Hepliaklqana.
 14574 | Orc:1    | Entered Level 1 of the Orcish Mines
 14654 | Orc:1    | Noticed Josephine
 14663 | Orc:1    | Killed Josephine
 14697 | Orc:1    | Noticed raetorn's ghost (journeyman DEHW)
 14800 | Orc:1    | Found a transporter.
 14932 | Orc:1    | Found a transporter.
 14990 | Orc:2    | Entered Level 2 of the Orcish Mines
 15268 | Orc:2    | Found Fucvax's Self-Improvement Boutique.
 15374 | Orc:2    | Found a staircase to the Elven Halls.
 15665 | Orc:2    | Received a gift from Okawaru
 16103 | Orc:2    | Reached skill level 16 in Long Blades
 16108 | Orc:2    | Received a gift from Okawaru
 16278 | Orc:2    | Found Xaatt's Antique Weapon Shop.
 16293 | Orc:2    | Found Biupuat's Armour Shop.
 16294 | Orc:2    | Found Lesunoih's Antique Weapon Boutique.
 16294 | Orc:2    | Found Raqet's Magic Scroll Shop.
 16497 | Orc:2    | Received a gift from Okawaru
 16733 | Orc:1    | Killed raetorn's ghost
 16975 | D:13     | Reached XP level 14. HP: 128/132 MP: 15/15
 17102 | D:13     | Noticed Sonja
 17119 | D:13     | Killed Sonja
 17200 | D:13     | Received a gift from Okawaru
 17236 | D:13     | Noticed an ironbound preserver
 17255 | D:13     | Killed an ironbound preserver
 17274 | D:13     | Found a gate to the Vaults.
 17393 | D:13     | Found Zoass's Gadget Gallery.
 17682 | D:13     | Found Xazifem's Distillery.
 18041 | D:13     | Noticed Azrael
 18061 | D:13     | Killed Azrael
 18062 | D:13     | Reached skill level 17 in Long Blades
 19005 | Lair:3   | Received a gift from Okawaru
 19075 | Lair:3   | Noticed Gastronok
 19087 | Lair:3   | Killed Gastronok
 19361 | Lair:4   | Reached skill level 15 in Fighting
 19361 | Lair:4   | Reached skill level 15 in Armour
 20258 | Lair:5   | Entered Level 5 of the Lair of Beasts
 20278 | Lair:4   | Identified the +10 long sword of Spores {freeze, Int+3}
                  | (Okawaru gifted it to you on level 4 of the Lair of Beasts)
 20278 | Lair:4   | Received a gift from Okawaru
 20351 | Lair:5   | Reached XP level 15. HP: 141/141 MP: 16/16
 20674 | Lair:5   | Identified the +1 pair of gloves of Honour {rPois Str+2
                  | Int+3 Stlth-}
 20847 | Lair:5   | Reached skill level 15 in Shields
 21299 | Lair:5   | Received a gift from Okawaru
 21477 | Lair:5   | Found a runed translucent door.
 21589 | Lair:5   | Paralysed by a hornet for 1 turns
 22033 | Lair:5   | Found a runed translucent door.
 22034 | Lair:5   | Noticed an acid blob
 22036 | Lair:5   | Found a staircase to the Slime Pits.
 22214 | Lair:5   | Killed an acid blob
 22447 | D:14     | Noticed Louise
 22542 | Abyss:2  | Found a corrupted altar of Lugonu.
 22542 | Abyss:2  | Cast into level 2 of the Abyss (Louise)
 22563 | Abyss:2  | Noticed a tentacled starspawn
 22575 | Abyss:2  | Killed a tentacled starspawn
 22713 | Abyss:2  | Reached skill level 18 in Long Blades
 22718 | Abyss:2  | Noticed a bone dragon
 22741 | Abyss:2  | Killed a bone dragon
 22789 | Abyss:2  | Noticed a tentacled starspawn
 22799 | Abyss:2  | HP: 5/116 [smoke demon/divine providence (16)]
 22802 | Abyss:2  | Slain by a tentacled starspawn

Illustrated notes

Levels and vault maps discovered:
D:1:      lemuel_arrival_river_ford, layout_basic,
          nicolae_concentric_dashed_squares_mild
D:2:      layout_loops_ring, basic_altar, st_stairs_11, minivault_4,
          uniq_terence
D:3:      layout_basic, pdpol_temple_overflow_zin_treasury_gozag_greed,
          makhleb_altar_promises_db
D:4:      layout_rooms, lemuel_coloured_pillars_altar, grunt_decor_cap,
          nicolae_nh_oracle_at_delphi, uniq_menkaure
D:5:      layout_basic, minmay_temple_entry_statues_fountains,
          nicolae_specific_store, uniq_grinder
D:6:      layout_layer_cave, vehumet_altar_wand_db, slow_altar_2, led_xom_imps,
          serial_shops, shop, nicolae_shop_overgrown_old_shop,
          nicolae_lakefront_shop, nicolae_shop_statue_plus,
          nicolae_shop_scrapyard, uniq_eustachio
D:7:      layout_basic
D:8:      layout_rooms, nicolae_ea-nasir_strikes_again
D:9:      layout_layer_cave, kennysheep_little_box, minmay_misc_feat_nine_boxes,
          minmay_puff
D:10:     layout_irregular_city, grunt_temple_overflow_forces_of_nature,
          nicolae_trove_entry_crossroad
D:11:     layout_grid_maze, lair_entry_dummy, zin_purify
D:12:     layout_roguey, david_orc_3, nzn_hepliaklqana_mist_gate
D:13:     layout_cave_pods, skrybe_vaults_entry_preservation, serial_shops,
          nicolae_shop_industrial_runoff, minivault_16, nicolae_shop_gadgets,
          uniq_azrael, uniq_sonja
D:14:     layout_cave_pools, serial_rivers, chequers_serial_rivers_micro_c,
          chequers_serial_rivers_room_a, chequers_serial_rivers_large_a,
          chequers_serial_rivers_room_a, chequers_serial_rivers_micro_b,
          uniq_lodul, uniq_louise
Temple:   nicolae_temple_x_marks_the_god
Lair:1:   layout_cave_pods, portal_ice_cave_entry_ice_simulacra,
          infiniplex_staircase_pool, grunt_megastairs_4
Lair:2:   layout_loops_ring, minmay_swamp_entry_reptiles,
          nicolae_snake_entry_squirm, chequers_serial_rivers_micro_c,
          pdpol_lair_neglected_garden, serial_bayou_shore_b, grunt_megastairs_3,
          serial_bayou_shore_a
Lair:3:   layout_chaotic_city, grunt_megastairs_1, serial_bayou_shore_b,
          lemuel_fruit_fields, lemuel_fruit_tree, uniq_gastronok
Lair:4:   layout_cave_pods, st_stairs_10
Lair:5:   wormcave, layout_small_grid, hangedman_lair_caniforms_friends,
          slime_entry_2, grunt_megastairs_2
Orc:1:    layout_caves, gammafunk_ghost_smash, uniq_josephine
Orc:2:    st_orc_pillars, layout_diamond_mine, nicolae_shop_self_help
Abyss:2:  base:
Lair:3

Skill      XL: |  1  2  3  4  5  6  7  8  9 10 11 12 13 14 15 |
---------------+----------------------------------------------+-----
Armour         | 4 5 6 7 8 10 11 12 14 15 16 | 16.0
Fighting       | 4 5 6 7 9 10 12 14 15 16 | 16.5
Long Blades    | 3 4 5 6 7 9 11 13 15 16 17 18 | 18.0
Shields        | 4 6 7 8 10 12 14 16 | 16.2
Dodging        | 1 2 3 4 5 6 |  6.7
Stealth        | 1 2 |  2.5
Invocations    | 1 2 3 |  3.9
Evocations     | 1 |  1.2

Action                     |  1- 3 |  4- 6 |  7- 9 | 10-12 | 13-15 || total
---------------------------+-------+-------+-------+-------+-------++-------
  Melee: Long sword        |    91 |   129 |   329 |   113 |   414 ||  1076
         Headbutt          |     9 |    18 |    70 |   177 |   347 ||   621
         Scimitar          |       |       |       |   564 |   869 ||  1433
 Invoke: Heroism           |       |       |     5 |    18 |    22 ||    45
  Evoke: Wand              |       |       |       |     2 |       ||     2
    Use: Potion            |     5 |     1 |       |     2 |     5 ||    13
         Scroll            |     3 |     7 |     7 |     9 |     6 ||    32
 Armour: Scale mail        |    67 |       |       |       |       ||    67
         Chain mail        |       |    69 |   212 |   219 |    46 ||   546
         Plate armour      |       |       |       |       |   484 ||   484
  Dodge: Dodged            |    50 |    40 |   133 |   205 |   458 ||   886
  Block: Buckler           |    21 |    26 |    57 |     9 |       ||   113
         Kite shield       |       |       |       |   300 |   871 ||  1171
